 Dungeon Crawl Stone Soup version 0.27.0-1-g7a089689b8 (webtiles) character file.

Game seed: 16370437274194258777

81 mg7810 the Sneak (level 4, -9/35 HPs)
             Began as a Demonspawn Delver on Aug 11, 2021.
             Killed from afar by Ijyb (10 damage)
             ... with a puff of flame
             ... on level 4 of the Dungeon.
             The game lasted 00:02:46 (701 turns).

mg7810 the Sneak (Demonspawn Delver)                 Turns: 701, Time: 00:02:47

Health: -9/35      AC:  7    Str: 13    XL:     4   Next: 19%
Magic:  13/13      EV:  9    Int: 14    God:
Gold:   0          SH:  0    Dex: 14    Spells: 3/3 levels left

rFire    . . .     SeeInvis .   a - +0 falchion
rCold    . . .     Faith    .   (no shield)
rNeg     . . .     Spirit   .   k - +1 scale mail of Ulaul {rCorr MP+9 Int+2}
rPois    .         Reflect  .   (no helmet)
rElec    .         Harm     .   (no cloak)
rCorr    +         Rampage  .   (no gloves)
Will     .....                  (no boots)
Stlth    ++........             (no amulet)
HPRegen  0.11/turn              (no ring)
MPRegen  0.13/turn              (no ring)

@: no status effects
A: powered by pain 1
a: no special abilities


You were on level 4 of the Dungeon.
You visited 1 branch of the dungeon, and saw 2 of its levels.

Inventory:

Hand Weapons
 a - a +0 falchion (weapon)
Armour
 k - the +1 scale mail of Ulaul (worn) {rCorr MP+9 Int+2}
   (You found it on level 4 of the Dungeon)

   Int:       It affects your intelligence (+2).
   MP:        It affects your magic capacity (+9).
   rCorr:     It protects you from acid and corrosion.
Jewellery
 d - a ring of fire
Wands
 g - a wand of digging (3)
 h - a wand of acid (5)
Scrolls
 c - a scroll of fog
 e - a scroll of fear
Potions
 b - a potion of curing {unknown}
 f - a potion of haste
 i - a potion of attraction {unknown}
 j - a potion of flight {unknown}


   Skills:
 + Level 3.2 Fighting
 + Level 2.0 Long Blades
 * Level 1.0 Armour
 + Level 1.8 Dodging
 + Level 5.2 Stealth
 * Level 1.0 Unarmed Combat
 * Level 1.2 Evocations


You had 3 spell levels left.
You didn't know any spells.
Your spell library was empty.

Dungeon Overview and Level Annotations

Branches:
Dungeon (5/15)
 Temple: D:4-7

Altars:

Annotations:
D:4 Ijyb


Innate Abilities, Weirdness & Mutations

You sometimes gain a little power by taking damage.


Message History

Unknown command.
Ijyb screams, "You nasty!
Big nasty!"
You closely miss Ijyb.
Ijyb is moderately wounded.
Ijyb hits you with a +0 dagger.
You miss Ijyb.
Ijyb is moderately wounded.
Ijyb hits you but does no damage.
You closely miss Ijyb.
Ijyb is moderately wounded.
Ijyb screams, "Me very upset!"
Ijyb zaps a wand.
The puff of flame hits you. Ijyb barely misses you.
You riposte.
You hit Ijyb.
Ijyb is heavily wounded.
You hit Ijyb. You punch Ijyb.
Ijyb is heavily wounded.
Ijyb hits you with a +0 dagger.
You barely miss Ijyb.
Ijyb is heavily wounded.
Ijyb zaps a wand.
The puff of flame hits you!
* * * LOW HITPOINT WARNING * * *
You hit Ijyb.
Ijyb is severely wounded.
Ijyb barely misses you.
You closely miss Ijyb.
Ijyb is severely wounded.
Ijyb hits you but does no damage.
You closely miss Ijyb.
Ijyb is severely wounded.
Ijyb zaps a wand.
The puff of flame hits you.
* * * LOW HITPOINT WARNING * * *
Ijyb zaps a wand.
The puff of flame hits you.
* * * LOW HITPOINT WARNING * * *
You hit Ijyb.
Ijyb is almost dead.
Ijyb hits you but does no damage.
You closely miss Ijyb.
Ijyb is almost dead.
Ijyb zaps a wand.
The puff of flame hits you!
You die...

#.## ### #..## .###..
##..## ......# ###....#
...$.>. ##.......
#......## ###......#.
#.......# ###......##..
#........####......####..
..#.....@##.......## #..
.....##.g#......### ##.
..#. ###†.....### ##
#!...#.......## #
#...$†..### ##.....##
#...### #.... #.....


You could see Ijyb (corroded).

Vanquished Creatures
  A water moccasin skeleton (D:4)
  A hound skeleton (D:4)
  An adder (D:4)
  An ufetubus (D:4)
  An adder skeleton (D:4)
  An endoplasm (D:4)
  A goblin (D:4)
  A ball python (D:4)
8 creatures vanquished.

Notes
Turn   | Place    | Note
-------+----------+-------------------------------------------
     0 | D:5      | mg7810 the Demonspawn Delver began the quest for the Orb.
     0 | D:5      | Reached XP level 1. HP: 18/18 MP: 1/1
    19 | D:5      | Noticed an iguana
    50 | D:5      | Noticed a jelly
    73 | D:5      | Noticed a jelly
   101 | D:4      | Reached skill level 5 in Stealth
   101 | D:4      | Reached skill level 1 in Evocations
   101 | D:4      | Gained mutation: You sometimes gain a little power by
                  | taking damage. [demonic ancestry]
   101 | D:4      | Reached XP level 2. HP: 13/24 MP: 2/2
   101 | D:4      | Reached XP level 3. HP: 15/29 MP: 3/3
   111 | D:4      | Reached skill level 1 in Armour
   477 | D:4      | Reached skill level 1 in Unarmed Combat
   574 | D:4      | Identified the +1 scale mail of Ulaul {rCorr MP+9 Int+2}
   682 | D:4      | Noticed Ijyb
   688 | D:4      | Reached XP level 4. HP: 29/35 MP: 4/4
   699 | D:4      | HP: 1/35 [Ijyb/puff of flame (5)]
   701 | D:4      | Killed from afar by Ijyb

Illustrated notes

Levels and vault maps discovered:
D:4:      layout_cave_pods, minmay_misc_feat_five, uniq_ijyb
D:5:      layout_basic, ebering_ghost_sewer_d, chequers_serial_rivers_small_b,
          uniq_menkaure, uniq_edmund, uniq_pikel

Skill      XL: |  1  2  3  4 |
---------------+-------------+-----
Stealth        | 5 |  5.2
Evocations     | 1 |  1.2
Armour         | 1 |  1.0
Unarmed Combat | 1 |  1.0
Long Blades    | 2 |  2.0
Fighting       | |  3.2
Dodging        | |  1.8

Action                   |  1- 3 |  4- 6 || total
-------------------------+-------+-------++-------
Melee: Falchion          |    24 |    10 ||    34
       Punch             |       |     1 ||     1
Evoke: Wand              |     2 |     1 ||     3
  Use: Scroll            |     1 |       ||     1
       Potion            |     1 |       ||     1
Armor: Scale mail        |     6 |     3 ||     9
       Leather armour    |     3 |       ||     3
Dodge: Dodged            |    15 |     2 ||    17
       Rpst.: Falchion   |     2 |     1 ||     3
